 Dungeon Crawl Stone Soup version 0.21-a0-404-g291f19a (webtiles) character file.

72 Stibbins the Vexing (level 4, 0/34 HPs)
             Began as a Gnoll Arcane Marksman on Oct 27, 2017.
             Slain by a hound (5 damage)
             ... on level 4 of the Dungeon.
             The game lasted 00:11:30 (1152 turns).

Stibbins the Vexing (Gnoll Arcane Marksman)         Turns: 1152, Time: 00:11:30

Health: 0/34       AC:  2    Str: 13    XL:     4   Next: 25%
Magic:  8/8        EV: 15    Int: 15    God:
Gold:   61         SH:  0    Dex: 16    Spells: 5/8 levels left

rFire    . . .     SeeInvis .   a - +1 shortbow
rCold    . . .     Gourm    .   (shield currently unavailable)
rNeg     . . .     Faith    .   e - +0 robe
rPois    .         Spirit   .   (no helmet)
rElec    .         Reflect  .   (no cloak)
rCorr    .         Harm     .   (no gloves)
MR       .....                  (no boots)
Stlth    ++........             (no amulet)
HPRegen  0.11/turn              (no ring)
MPRegen  0.11/turn              (no ring)

@: no status effects
A: distributed training, fangs 1, strong nose
a: no special abilities


You were on level 4 of the Dungeon.
You were hungry.

You visited 1 branch of the dungeon, and saw 3 of its levels.

You collected 61 gold pieces.

Inventory:

Hand Weapons
 a - a +1 shortbow (weapon)
Armour
 e - a +0 robe (worn)
Jewellery
 b - a +3 ring of intelligence {unknown}
 i - an uncursed ring of protection from magic {unknown}
Potions
 l - a potion of heal wounds {unknown}
 r - a potion of cancellation {unknown}
Books
 c - a book of Debilitation

   Spells                             Type                      Level
   a - Corona                         Hexes                        1
   b - Slow                           Hexes                        2
   c - Inner Flame                    Hexes/Fire                   3
   d - Portal Projectile              Hexes/Translocation          3
   e - Cause Fear                     Hexes                        4
   f - Leda's Liquefaction            Hexes/Earth                  4
Comestibles
 f - 3 bread rations
 h - 2 meat rations
 k - a fruit


   Skills:
 + Level 2.7 Fighting
 + Level 1.0 Short Blades
 + Level 1.0 Long Blades
 + Level 1.0 Axes
 + Level 1.0 Maces & Flails
 + Level 1.0 Polearms
 + Level 1.0 Staves
 + Level 1.0 Slings
 + Level 4.6 Bows
 + Level 1.0 Crossbows
 + Level 1.0 Throwing
 + Level 1.0 Armour
 + Level 4.6 Dodging
 + Level 1.0 Stealth
 + Level 1.0 Shields
 + Level 1.0 Unarmed Combat
 + Level 2.9 Spellcasting
 + Level 0.8 Conjurations
 + Level 5.4 Hexes
 + Level 0.8 Charms
 + Level 0.8 Summonings
 + Level 0.8 Necromancy
 + Level 0.8 Translocations
 + Level 0.8 Transmutations
 + Level 0.8 Fire Magic
 + Level 0.8 Ice Magic
 + Level 0.8 Air Magic
 + Level 0.8 Earth Magic
 + Level 0.8 Poison Magic
 + Level 1.1 Invocations
 + Level 1.0 Evocations


You had 5 spell levels left.
You knew the following spells:

 Your Spells              Type           Power        Failure   Level  Hunger
a - Corona                Hex            ###....      2%          1    #......
b - Slow                  Hex            ###.....     3%          2    ##.....


Dungeon Overview and Level Annotations

Branches:
Dungeon (2/15)

Altars:
Kikubaaqudgha
Okawaru
Vehumet
Zin

Shops:
D:4 %


Innate Abilities, Weirdness & Mutations

Your experience applies equally to all skills.
You have very sharp teeth.
Your uncanny sense of smell can sniff out nearby items.


Message History

Cornered, the orc turns to fight!
You feel sick.
You see here a runed emerald ring.
b - a runed emerald ring You feel sick.
The hound barks!
The hound misses you.
The hound pauses to sniff the ground.
The hound bites you but does no damage.
You feel sick.
You are no longer poisoned.
The hound bites you but does no damage.
As you read the scroll of fear, it crumbles to dust.
You assume a fearsome visage.
The orc looks frightened!
The hound misses you. The orc yells at you, "GO AWAY!"
The hound barely misses you.
The hound seems to regain its courage.
The hound bites you but does no damage. The hound bites you.
You die...

#.# #.# #.# #.# #.# #.#
. ##.######.####### . ∆
.... ..........
#.#####.# #.#...##
###.#.....######......##
.......o.......h..._...#
###.#.....######@._8_..#
#....∩# #..._...#
#.....# #........#
#.....# #.######.#
#####?# #.######.# #.#
##.........
#.#####......###.#
#...o('((...(# . ∆
#######......# .#


You could see a hound.

Vanquished Creatures
  A worker ant (D:4)
  A gnoll (D:1)
  2 dart slugs (D:1)
  2 leopard geckos (D:1)
  An orc (D:4)
  5 bats
  4 giant cockroaches (D:1)
  2 goblins (D:1)
  4 hobgoblins (D:1)
  4 kobolds (D:1)
  2 ball pythons (D:1)
  A frilled lizard (D:1)
  3 rats (D:1)
32 creatures vanquished.

Notes
Turn   | Place    | Note
-------+----------+-------------------------------------------
     0 | D:1      | Stibbins the Gnoll Arcane Marksman began the quest for the Orb.
     0 | D:1      | Reached XP level 1. HP: 17/17 MP: 4/4
    68 | D:1      | Reached XP level 2. HP: 23/23 MP: 5/5
   139 | D:1      | Learned a level 2 spell: Slow
   299 | D:1      | Reached XP level 3. HP: 28/28 MP: 7/7
   669 | D:1      | Reached skill level 1 in Invocations
  1064 | D:2      | You fall through a shaft for 2 floors!
  1081 | D:4      | Found a glowing silver altar of Zin.
  1081 | D:4      | Found an ancient bone altar of Kikubaaqudgha.
  1081 | D:4      | Found an iron altar of Okawaru.
  1081 | D:4      | Found a radiant altar of Vehumet.
  1126 | D:4      | Reached skill level 1 in Short Blades
  1126 | D:4      | Reached skill level 1 in Long Blades
  1126 | D:4      | Reached skill level 1 in Axes
  1126 | D:4      | Reached skill level 1 in Maces & Flails
  1126 | D:4      | Reached skill level 1 in Polearms
  1126 | D:4      | Reached skill level 1 in Staves
  1126 | D:4      | Reached skill level 1 in Slings
  1126 | D:4      | Reached skill level 1 in Crossbows
  1126 | D:4      | Reached skill level 1 in Throwing
  1126 | D:4      | Reached skill level 1 in Armour
  1126 | D:4      | Reached skill level 1 in Stealth
  1126 | D:4      | Reached skill level 1 in Shields
  1126 | D:4      | Reached skill level 1 in Unarmed Combat
  1126 | D:4      | Reached skill level 1 in Evocations
  1126 | D:4      | Reached XP level 4. HP: 11/34 MP: 8/8
  1128 | D:4      | Found Nogeil's Food Shop.
  1152 | D:4      | Slain by a hound

Vault maps used:
D:1:      dpeg_arrival_rhombi, minivault_4, minmay_misc_feat_enclosed,
          minmay_pentomino_x2
D:4:      lemuel_crystal_altar, chequers_temple_overflow_statue_of_worship,
          serial_shops, shop, first_bread, portal_sewer_entry_f, uniq_eustachio,
          uniq_grinder

Skill      XL: |  1  2  3 |
---------------+----------+-----
Invocations    | 1 |  1.1
Short Blades   | 1 |  1.0
Long Blades    | 1 |  1.0
Axes           | 1 |  1.0
Maces & Flails | 1 |  1.0
Polearms       | 1 |  1.0
Staves         | 1 |  1.0
Slings         | 1 |  1.0
Crossbows      | 1 |  1.0
Throwing       | 1 |  1.0
Armour         | 1 |  1.0
Stealth        | 1 |  1.0
Shields        | 1 |  1.0
Unarmed Combat | 1 |  1.0
Evocations     | 1 |  1.0
Fighting       | |  2.7
Bows           | |  4.6
Dodging        | |  4.6
Spellcasting   | |  2.9
Conjurations   | |  0.8
Hexes          | |  5.4
Charms         | |  0.8
Summonings     | |  0.8
Necromancy     | |  0.8
Translocations | |  0.8
Transmutations | |  0.8
Fire Magic     | |  0.8
Ice Magic      | |  0.8
Air Magic      | |  0.8
Earth Magic    | |  0.8
Poison Magic   | |  0.8

Action                   |  1- 3 |  4- 6 || total
-------------------------+-------+-------++-------
Melee: Shortbow          |     4 |       ||     4
       Bite              |     2 |       ||     2
 Fire: Shortbow          |    89 |       ||    89
  Use: Scroll            |     8 |     2 ||    10
Armor: Robe              |    11 |     3 ||    14
Dodge: Dodged            |    45 |     6 ||    51

Table legend:
 A = Spawn XP
 B = Non-spawn XP
 C = Spawn XP percentage of total XP
 D = Spawn monster count
 E = Non-spawn monster count
 F = Spawn count percentage of total count
 G = Total turns spent on level
                    A         B        C        D         E        F      G
               +---------+---------+-------+---------+---------+-------+---------
         Total |       0 |     103 |   0.0 |       0 |      32 |   0.0 |  1152
               +---------+---------+-------+---------+---------+-------+---------
           D:1 |       0 |      66 |   0.0 |       0 |      29 |   0.0 |  1015
           D:2 |       0 |       2 |   0.0 |       0 |       1 |   0.0 |    49
           D:4 |       0 |      35 |   0.0 |       0 |       2 |   0.0 |    88
               +---------+---------+-------+---------+---------+-------+---------
